 Dungeon Crawl Stone Soup version 0.19-a0-1740-g0bcaf2e (webtiles) character file.

8 4thArraOfDagon the Magician (level 2, 0/13 HPs)
             Began as a Vine Stalker Wizard on Oct 1, 2016.
             Was an Initiate of Okawaru.
             Slain by a leopard gecko (1 damage)
             ... on level 3 of the Dungeon.
             The game lasted 00:01:09 (382 turns).

4thArraOfDagon the Magician (Vine Stalker Wizard)    Turns: 382, Time: 00:01:10

Health: 0/13       AC:  2    Str:  9    XL:     2   Next: 8%
Magic:  0/7        EV: 12    Int: 23    God:    Okawaru [......]
Gold:   8          SH:  0    Dex: 12    Spells: 1 memorised, 6 levels left

rFire  . . .     SeeInvis .       - Unarmed
rCold  . . .     Gourm    .     a - +0 robe
rNeg   . . .     Faith    .     (no shield)
rPois  .         Spirit   +     b - +0 hat
rElec  .         Dismiss  .     (no cloak)
rCorr  .         Reflect  .     (no gloves)
MR     .....     Harm     .     (no boots)
Stlth  ++........               (no amulet)
                                (no ring)
                                (no ring)

@: brilliant
A: fangs 2, magic shield, antimagic bite, no device heal 3, rot immunity
a: Renounce Religion


You were on level 3 of the Dungeon.
You worshipped Okawaru.
Okawaru was noncommittal.
You were not hungry.

You visited 1 branch of the dungeon, and saw 3 of its levels.

You collected 8 gold pieces.

Inventory:

Armour
 a - a +0 robe (worn)
 b - a +0 hat (worn)
Scrolls
 e - a scroll of noise {unknown}
 f - a scroll of enchant armour {unknown}
 g - a scroll of random uselessness {unknown}
Books
 c - a book of Minor Magic

   Spells                             Type                      Level
   a - Magic Dart                     Conjuration                  1
   b - Blink                          Translocation                2
   c - Call Imp                       Summoning                    2
   d - Repel Missiles                 Charms/Air                   2
   e - Slow                           Hexes                        2
   f - Conjure Flame                  Conjuration/Fire             3
   g - Mephitic Cloud                 Conjuration/Poison/Air       3
Comestibles
 d - a bread ration
 i - a slice of pizza


   Skills:
 - Level 1.5 Dodging
 - Level 2.4 Stealth
 * Level 1.6 Unarmed Combat
 - Level 3.2 Spellcasting
 - Level 1.0 Conjurations
   Level 1.0 Summonings
   Level 1.0 Translocations
 + Level 0.0 Invocations


You had 6 spell levels left.
You knew the following spells:

 Your Spells              Type           Power        Failure   Level  Hunger
a - Magic Dart            Conj           ###.         1%          1    None


Dungeon Overview and Level Annotations

Branches:
Dungeon (3/15)

Altars:
Okawaru


Innate Abilities, Weirdness & Mutations

You have extremely sharp teeth.
When hurt, damage is shared between your health and your magic reserves.
Your bite disrupts and absorbs the magic of your enemies.
Potions and wands cannot restore your health.
You are immune to rotting.


Message History

You hit the leopard gecko but do no damage.
The leopard gecko is moderately wounded.
The leopard gecko bites you. x2
* * * LOW HITPOINT WARNING * * *
You hit the leopard gecko. Your bite misses the leopard gecko.
The leopard gecko is heavily wounded.
The leopard gecko closely misses you.
You closely miss the leopard gecko.
The leopard gecko is heavily wounded.
The leopard gecko bites you.
* * * LOW HITPOINT WARNING * * *
Unknown command.
You closely miss the leopard gecko.
The leopard gecko is heavily wounded.
The leopard gecko completely misses you.
Unknown command.
It was a potion of brilliance.
You feel clever all of a sudden. The leopard gecko bites you.
You die...

#...♣...♣.(.
#...........#
+..♣..♣..♣..+
#...........#
#...♣...♣...#
###....♣....#
#.#'.......+
#.l##.....##
#@..###'###
######...# ##
##.## ####.#.
#.# #..S #.
#.####.#####
#......#....
######.#.##.
#.#.##.
#.#....


You could see a leopard gecko.

Vanquished Creatures
  A dart slug (D:2)
  A hobgoblin (D:2)
  A bat (D:1)
  A frilled lizard (D:2)
  A kobold (D:1)
  3 rats
8 creatures vanquished.

Notes
Turn   | Place    | Note
-------+----------+-------------------------------------------
     0 | D:1      | 4thArraOfDagon the Vine Stalker Wizard began the quest for the Orb.
     0 | D:1      | Reached XP level 1. HP: 9/9 MP: 5/5
   261 | D:2      | Reached skill level 1 in Unarmed Combat
   299 | D:2      | Reached XP level 2. HP: 2/13 MP: 0/7
   356 | D:3      | Noticed a water moccasin
   369 | D:3      | Found an iron altar of Okawaru.
   373 | D:3      | Became a worshipper of Warmaster Okawaru
   382 | D:3      | Slain by a leopard gecko

Vault maps used:
D:1:      elethiomel_arrival_maze
D:2:      first_bread
D:3:      grunt_temple_overflow_octagram

Skill      XL: |  1 |
---------------+----+-----
Unarmed Combat | 1 |  1.6
Dodging        | |  1.5
Stealth        | |  2.4
Spellcasting   | |  3.2
Conjurations   | |  1.0
Summonings     | |  1.0
Translocations | |  1.0

Action                   || total
-------------------------++-------
Melee: Unarmed           ||    30
       Bite              ||     6
  Use: Potion            ||     2
Armor: Robe              ||    23
Dodge: Dodged            ||    57
